 Dungeon Crawl Stone Soup version 0.13.0-15-g9204fa6 (webtiles) character file.

83 HungrySpirit the Shield-Bearer (level 3, -1/24 HPs)
             Began as a Gargoyle Fighter on Oct 20, 2013.
             Slain by a goblin
             ... wielding a +2,+1 dagger of distortion
              (3 damage)
             ... on Level 2 of the Dungeon.
             The game lasted 00:01:31 (618 turns).

HungrySpirit the Shield-Bearer (Gargoyle Fighter)    Turns: 618, Time: 00:01:32

HP  -1/24        AC 11     Str 20      XL: 3   Next: 27%
MP   2/2         EV  6     Int  8      God:
Gold 51          SH 18     Dex  9      Spells:  0 memorised,  2 levels left

Res.Fire  : . . .   See Invis. : .   a - +0 hand axe {=f}
Res.Cold  : . . .   Warding    : .   b - +0 scale mail
Life Prot.: + . .   Conserve   : .   c - +0 shield
Res.Poison: +       Res.Corr.  : .   h - +0 horned helmet
Res.Elec. : +       Clarity    : .   (no cloak)
Sust.Abil.: . .     Spirit.Shd : .   (no gloves)
Res.Mut.  : .       Stasis     : .   (no boots)
Res.Rott. : +       Flight     : .   (no amulet)
Saprovore : . . .                    (no ring)
                                     (no ring)

@: not resistant to hostile enchantments, extremely unstealthy
A: fangs 1, talons 2, life protection 1, electricity resistance, slow metabolism
1, unbreathing, petrification resistance, AC +3
a: no special abilities


You were on level 2 of the Dungeon.
You were not hungry.

You visited 1 branch of the dungeon, and saw 2 of its levels.

You collected 31 gold pieces.

Inventory:

Hand weapons
 a - a +0,+0 hand axe (weapon) {=f}
Armour
 b - a +0 scale mail (worn)
 c - a +0 shield (worn)
 h - a +0 horned helmet (worn)
Comestibles
 d - a bread ration
Scrolls
 e - a scroll of magic mapping {unknown}
 i - a scroll of remove curse {unknown}
 j - a scroll of curse weapon {unknown}
Potions
 f - a potion of paralysis {unknown}
 g - a potion of brilliance {unknown}
 k - a potion of speed {unknown}


   Skills:
 - Level 3.2 Fighting
 + Level 3.2 Axes
 - Level 3.2 Armour
 - Level 3.2 Shields


You had 2 spell levels left.
You didn't know any spells.

Dungeon Overview and Level Annotations

Branches:
Dungeon (2/27)

Altars:


Innate Abilities, Weirdness & Mutations

You are resistant to torment.
You are immune to poison.
Your stone body is very resilient (AC +3).
You have very sharp teeth.
You have razor-sharp toenails.
You resist negative energy.
You are resistant to electric shocks.
You have a slow metabolism.
You can survive without breathing.
You are immune to petrification.


Message History

There is an open door here.
A goblin is nearby!
You completely miss the goblin. You bite the goblin.
The goblin is heavily wounded.
You block the goblin's attack.
You closely miss the goblin. Your kick misses the goblin.
The goblin is heavily wounded.
The goblin hits you but does no damage. Space bends around you.
You barely miss the goblin. Your kick misses the goblin.
Your bite misses the goblin.
The goblin is heavily wounded.
The goblin hits you but does no damage. Space warps horribly around you!
Ouch! That really hurt!
* * * LOW HITPOINT WARNING * * *
You are too injured to fight recklessly!
You are too injured to fight recklessly!
You completely miss the goblin. You bite the goblin, but do no damage.
The goblin is heavily wounded.
The goblin hits you but does no damage. Space bends around you.
You die...

...#.......#
#.#+#....># #
#.........# # #.
#.........##.#
#.#####............#
#.....#.......#.#####
#.....'.......#......
#.....#.#####.#.#####
#..g@.#.......#.#<##.
#....##.####..#.#.##.
#........ #..#.#.##.
.......... #..#.#.##.
.......#...#.
#..#.#.##. ......
...#. ..#.#.##.
.....#...### .#.##.
.... .... #.##. . .
##..#.#.##.


You could see a goblin.

Vanquished Creatures
  A worm (D:2)
  A giant gecko (D:1)
  A bat (D:1)
  6 goblins (D:1)
  4 hobgoblins (D:1)
  5 kobolds (D:1)
  4 giant newts (D:1)
  5 rats (D:1)
27 creatures vanquished.

Notes
Turn   | Place    | Note
--------------------------------------------------------------
     0 | D:1      | HungrySpirit, the Gargoyle Fighter, began the quest for the Orb.
     0 | D:1      | Reached XP level 1. HP: 14/14 MP: 0/0
    63 | D:1      | Reached XP level 2. HP: 19/19 MP: 1/1
   461 | D:1      | Reached XP level 3. HP: 24/24 MP: 2/2
   617 | D:2      | HP: 1/24 [goblin/dagger of distortion (21)]
   618 | D:2      | Slain by a goblin

Action                   || total
-------------------------++-------
Melee: Hand axe          ||    70
